 Dungeon Crawl Stone Soup version 0.31-a0-940-gdaa99269f9 (webtiles) character file.

Game seed: 17383400581121085474

56 sammy202020 the Trooper (level 3, -2/33 HPs)
             Began as a Minotaur Fighter on Oct 21, 2023.
             Slain by an ogre
             ... wielding a +0 giant spiked club
              (16 damage)
             ... on level 3 of the Dungeon.
             The game lasted 00:04:07 (1680 turns).

sammy202020 the Trooper (Minotaur Fighter)          Turns: 1680, Time: 00:04:07

Health: -2/33      AC:  9    Str: 20    XL:     3   Next: 69%
Magic:  2/2        EV:  9    Int:  7    God:
Gold:   137        SH:  5    Dex:  9    Spells: 2/2 levels left

rFire   . . .        a - +0 war axe
rCold   . . .        c - +1 buckler
rNeg    . . .        b - +0 scale mail
rPois   .            (helmet restricted)
rElec   .            k - +0 cloak {Will+}
rCorr   .            n - +0 pair of gloves
SInv    .            (no boots)
Will    +....        (no amulet) Stlth
                     (no ring)
HPRegen 0.25/turn    (no ring)
MPRegen 0.08/turn

%: no passive effects
@: mighty
A: horns 2, retaliatory headbutt
a: no special abilities


You were on level 3 of the Dungeon.
You visited 1 branch of the dungeon, and saw 3 of its levels.

You collected 137 gold pieces.

Inventory:

Hand Weapons
 a - a +0 war axe (weapon)
 o - a +0 hammer
Armour
 b - a +0 scale mail (worn)
 c - a +1 buckler (worn)
 k - a +0 cloak of willpower (worn)
 n - a +0 pair of gloves (worn)
Scrolls
 e - a scroll of teleportation
 f - a scroll of blinking
 h - 2 scrolls of identify
Potions
 g - 2 potions of enlightenment
 i - 2 potions of degeneration {unknown}
 j - a potion of ambrosia {unknown}
 l - a potion of invisibility
 m - a potion of curing


   Skills:
 * Level 4.2 Fighting
 * Level 3.1 Axes
 * Level 4.1 Armour
 + Level 1.0 Dodging
 * Level 4.2 Shields


You had 2 spell levels left.
You didn't know any spells.
Your spell library was empty.

Dungeon Overview and Level Annotations

Branches:
Dungeon (3/15)

Altars:

Shops:
D:2 [


Innate Abilities, Weirdness & Mutations

You have a pair of horns on your head.
You reflexively headbutt those who attack you in melee.


Message History

No target in view!
No target in view!
No target in view!
No target in view!
There is a stone staircase leading down here.
An ogre comes into view. It is wielding a +0 giant spiked club.
The ogre shouts!
An ogre is nearby!
The ogre hits you with a +0 giant spiked club!!
Ouch! That really hurt!
You are too injured to fight recklessly!
You are too injured to fight recklessly!
You are too injured to fight recklessly!
You are too injured to fight recklessly!
You are too injured to fight recklessly!
You are too injured to fight recklessly!
You are too injured to fight recklessly!
You are too injured to fight recklessly!
You are too injured to fight recklessly!
You are too injured to fight recklessly!
You are too injured to fight recklessly!
You are too injured to fight recklessly!
You are too injured to fight recklessly!
You are too injured to fight recklessly!
You are too injured to fight recklessly!
You are too injured to fight recklessly!
You are too injured to fight recklessly!
You are too injured to fight recklessly!
Unknown command.
Sorry, you're not good enough to have a special ability.
There is a stone staircase leading down here.
Sorry, you're not good enough to have a special ability.
You feel very mighty all of a sudden.
You closely miss the ogre. You headbutt the ogre!
The ogre is moderately wounded.
You block the ogre's attack.
You slash the ogre!
The ogre is almost dead.
The ogre hits you with a +0 giant spiked club!
You die...

#... .. ##..#### ##.#...
. ......# #.......
#..##.# #..(#.#.
#..##.####...#...
#..##.#........#
####..##..........#
........##........###.##
####.##.........@.......
#.#.....#....O.#####.
#..........)...#
###.#########..# #.#
#..# #.# ##>.## #.
#....# #....# #....#


You could see an ogre.

Vanquished Creatures
  Crazy Yiuf (D:2)
  2 dart slugs (D:2)
  A ball python (D:2)
  An endoplasm (D:2)
  2 goblins (D:1)
  3 hobgoblins
  2 jackals
  A quokka (D:3)
  3 bats
  A frilled lizard (D:2)
  5 kobolds
  3 rats (D:2)
25 creatures vanquished.

Notes
Turn   | Place    | Note
-------+----------+-------------------------------------------
     0 | D:1      | sammy202020 the Minotaur Fighter began the quest for the
                  | Orb.
     0 | D:1      | Reached XP level 1. HP: 19/19 MP: 0/0
   246 | D:1      | Reached XP level 2. HP: 27/27 MP: 1/1
   681 | D:2      | Found Ydaips's Antique Armour Boutique.
  1176 | D:2      | Found a runed translucent door.
  1177 | D:2      | Noticed Crazy Yiuf
  1343 | D:2      | Killed Crazy Yiuf
  1344 | D:2      | Reached skill level 1 in Dodging
  1344 | D:2      | Reached XP level 3. HP: 2/33 MP: 2/2
  1665 | D:3      | Noticed an ogre
  1680 | D:3      | Slain by an ogre

Illustrated notes

Levels and vault maps discovered:
D:1:      nzn_arrival_crosshair, layout_loops_ring
D:2:      layout_loops_cross, serial_shops, nicolae_shop_tiny_real_fake_doors,
          uniq_crazy_yiuf_cottage
D:3:      layout_loops_ring, minmay_fractal_squares_gapless_5, uniq_jessica

Skill      XL: |  1  2 |
---------------+-------+-----
Armour         | 4 |  4.1
Fighting       | 4 |  4.2
Axes           | 3 |  3.1
Dodging        | 1 |  1.0
Shields        | 4 |  4.2

Action                     || total
---------------------------++-------
  Melee: War axe           ||    52
         Headbutt          ||    11
    Use: Scroll            ||     8
         Potion            ||     1
 Armour: Scale mail        ||    33
  Dodge: Dodged            ||    19
  Block: Buckler           ||    10

Table legend: (Time is in decaauts)
 A = Elapsed time spent in this place.
 B = Non-inter-level travel time spent in this place.
 C = Inter-level travel time spent in this place.
 D = Time resting spent in this place.
 E = Time spent auto-exploring this place.
 F = Levels seen in this place.
 G = Mean time per level.
                   A        B        C        D        E       F      G
               +--------+--------+--------+--------+--------+-----+--------+
         Total |   1699 |   1603 |     96 |    113 |   1232 |   3 |  566.3 |
       Dungeon |   1699 |   1603 |     96 |    113 |   1232 |   3 |  566.3 |
               +--------+--------+--------+--------+--------+-----+--------+

Top non-repeatable levels by time:
     D:2: 1000 daAuts
     D:1: 661 daAuts
     D:3: 37 daAuts
